 Dungeon Crawl Stone Soup version 0.24-a0-307-gf989941 (webtiles) character file.

Game seed: 10596242558333093333

2 MisterFreud the Gusty (level 1, -1/11 HPs)
             Began as an Octopode Air Elementalist on May 13, 2019.
             Killed from afar by a dart slug (5 damage)
             ... with a slug dart
             ... on level 1 of the Dungeon.
             The game lasted 00:01:05 (95 turns).

MisterFreud the Gusty (Octopode Air Elementalist)     Turns: 95, Time: 00:01:06

Health: -1/11      AC:  1    Str:  7    XL:     1   Next: 40%
Magic:  3/3        EV: 13    Int: 17    God:
Gold:   0          SH:  0    Dex: 12    Spells: 3/4 levels left

rFire    . . .     SeeInvis .   c - +0 short sword
rCold    . . .     Gourm    .   (no shield)
rNeg     . . .     Faith    .   (helmet restricted)
rPois    .         Spirit   .   (no amulet)
rElec    .         Reflect  .   (no ring)
rCorr    .         Harm     .   (no ring)
MR       .....                  (no ring)
Stlth    +++.......             (no ring)
HPRegen  0.03/turn              (no ring)
MPRegen  0.08/turn              (no ring)
                                (no ring)
                                (no ring)

@: no status effects
A: almost no armour, stealthy swim, amphibious, 8 rings, constrict 8, camouflage
1, gelatinous body 1
a: no special abilities


You were on level 1 of the Dungeon.
You were not hungry.

You visited 1 branch of the dungeon, and saw 1 of its levels.

Inventory:

Hand Weapons
 c - a +0 short sword (weapon)
Missiles
 e - 4 stones (quivered)
Scrolls
 a - a scroll of enchant armour {unknown}
Comestibles
 b - a ration
 d - a chunk of flesh


   Skills:
 - Level 2.0 Dodging
 + Level 2.8 Stealth
 - Level 2.0 Spellcasting
 * Level 1.2 Conjurations
 + Level 3.0 Air Magic


You had 3 spell levels left.
You knew the following spells:

 Your Spells              Type           Power        Failure   Level  Hunger
a - Shock                 Conj/Air       #...         9%          1    #......

Your spell library contained the following spells:

 Spells                   Type           Power        Failure   Level  Hunger
 Swiftness                Chrm/Air       #.......     16%         2    ###....
 Static Discharge         Conj/Air       #.......     24%         3    ###....
 Airstrike                Air            ##........   50%         4    #####..
 Lightning Bolt           Conj/Air       #.........   92%         5    ######.


Dungeon Overview and Level Annotations

Branches:
Dungeon (1/15)

Altars:


Innate Abilities, Weirdness & Mutations

You cannot wear most types of armour.
You are very stealthy in the water. (Stealth+)
You are amphibious.
You can wear up to eight rings at the same time.
You can use your tentacles to constrict eight enemies at once.
Your skin changes colour to match your surroundings (Stealth+).
Your rubbery body absorbs attacks. (AC +1, EV +1)


Message History

No target in view!
You butcher the bat corpse.
d - a chunk of flesh You see here a bat skeleton. x2
e - 4 stones A dart slug comes into view.
The dart slug launches a dart at you. The slug dart hits you.
You barely miss the dart slug. You grab the dart slug.
You constrict the dart slug. The dart slug launches a dart at you.
The slug dart hits you.
You are too injured to fight recklessly!
You are too injured to fight recklessly!
You hit the dart slug.
The dart slug is moderately wounded.
You constrict the dart slug. The dart slug launches a dart at you.
The slug dart hits you.
You die...

#..........# #.
##.#......#####
#.
#.#..........#
#.
#.#..#.#####.#
#. #.#..#.# #.#
#. #.#..#.# #.#
#. #.#..#.# #.#
#. #.####.# #.#
#. #w@....#
#.#####.
########
#.......
########


You could see a dart slug.

Vanquished Creatures
  A bat (D:1)
  2 kobolds (D:1)
3 creatures vanquished.

Notes
Turn   | Place    | Note
-------+----------+-------------------------------------------
     0 | D:1      | MisterFreud the Octopode Air Elementalist began the quest
                  | for the Orb.
     0 | D:1      | Reached XP level 1. HP: 11/11 MP: 3/3
    95 | D:1      | Killed from afar by a dart slug

Levels and vault maps discovered:
D:1:      elethiomel_arrival_quiet, layout_basic

Action                   || total
-------------------------++-------
Melee: Unarmed           ||     5
       Short sword       ||     4
       Constrict         ||     2
       Tentacles         ||     2
 Stab: Sleeping          ||     3
Armor: Skin              ||     1
Dodge: Dodged            ||     1

Table legend:
 A = Non-vault XP
 B = Vault XP
 C = Vault XP percentage of total XP
 D = Non-vault monster count
 E = Vault monster count
 F = Vault count percentage of total count
                 A         B        C        D         E       F
            +---------+---------+-------+---------+---------+-------
      Total |       4 |       0 |   0.0 |       3 |       0 |   0.0
            +---------+---------+-------+---------+---------+-------
        D:1 |       4 |       0 |   0.0 |       3 |       0 |   0.0
            +---------+---------+-------+---------+---------+-------
